 Dungeon Crawl Stone Soup version 0.28.0-43-g3370ac3207 (webtiles) character file.

Game seed: 18344412481865177059

383 croobank the Sneak (level 6, 0/36 HPs)
             Began as an Octopode Fire Elementalist on Mar 7, 2022.
             Was an Initiate of Vehumet.
             Slain by an ogre
             ... wielding a +0 giant club
              (15 damage)
             ... on level 5 of the Dungeon on Mar 8, 2022.
             The game lasted 00:10:27 (4500 turns).

croobank the Sneak (Octopode Fire Elementalist)     Turns: 4500, Time: 00:10:28

Health: 0/36       AC:  1    Str:  7    XL:     6   Next: 76%
Magic:  1/10       EV: 14    Int: 19    God:    Vehumet [......]
Gold:   167        SH:  0    Dex: 13    Spells: 8/11 levels left

rFire   . . .      SeeInvis .   a - +0 hand axe
rCold   . . .      Faith    .   (no shield)
rNeg    . . .      Spirit   .   (helmet restricted)
rPois   .          Reflect  .   (no amulet)
rElec   .          Harm     .   (no ring)
rCorr   .          Rampage  .   (no ring)
Will    .....                   (no ring)
Stlth   ++++......              (no ring)
HPRegen 0.12/turn               (no ring)
MPRegen 0.12/turn               (no ring)
                                (no ring)
                                (no ring)

@: no status effects
A: almost no armour, amphibious, 8 rings, camouflage 1, gelatinous body 1,
(nimble swimmer 1), tentacles
a: Renounce Religion


You were on level 5 of the Dungeon.
You worshipped Vehumet.
Vehumet was noncommittal.
You visited 2 branches of the dungeon, and saw 6 of its levels.

You collected 315 gold pieces.
You spent 148 gold pieces at shops.

Inventory:

Hand Weapons
 a - a +0 hand axe (weapon)
 b - a +0 vorpal hunting sling
 g - a +0 rapier
 j - a +0 morningstar
Missiles
 f - 5 curare-tipped darts
 h - 15 arrows
 l - 17 bolts
 p - 93 stones
 r - 8 poisoned darts
 s - 6 boomerangs
Wands
 i - a wand of acid (8)
Scrolls
 d - 2 scrolls of immolation
 m - 2 scrolls of teleportation
Potions
 c - a potion of lignification {unknown}
 e - 3 potions of heal wounds {unknown}
 k - 3 potions of curing {unknown}
 n - a potion of magic {unknown}
 o - a potion of ambrosia {unknown}
 q - a potion of haste


   Skills:
 + Level 3.6 Dodging
 + Level 4.9 Stealth
 + Level 3.2 Spellcasting
 + Level 3.0 Conjurations
 + Level 4.2 Fire Magic


You had 8 spell levels left.
You knew the following spells:

 Your Spells              Type           Power      Damage    Failure   Level
a - Foxfire               Conj/Fire      64%        2x1d7     3%          1
b - Scorch                Fire           38%        2d6       4%          2

Your spell library contained the following spells:

 Spells                   Type           Power      Damage    Failure   Level
 Conjure Flame            Conj/Fire      16%        6-21      10%         3
 Pain                     Necr           12%        1d4       16%         1
 Inner Flame              Hex/Fire       11%        N/A       19%         3
 Stone Arrow              Conj/Erth      16%        3d8       24%         3
 Flame Wave               Conj/Fire      16%        2d6       32%         4
 Agony                    Necr           3%         N/A       99%         5
 Excruciating Wounds      Necr           1%         N/A       99%         5
 Lehudib's Crystal Spear  Conj/Erth      4%         10d3      100%        8
 Animate Armour           Summ/Erth      Unusable   N/A       N/A         4

Dungeon Overview and Level Annotations

Branches:
Dungeon (5/15)             Temple (1/1) D:4

Altars:
Fedhas
Gozag
Hepliaklqana
Makhleb
Nemelex Xobeh
Okawaru
Qazlal
Ru
Sif Muna
Uskayaw
Vehumet
Wu Jian
Zin

Shops:
D:2 (   D:4 (   D:5 !


Innate Abilities, Weirdness & Mutations

You cannot wear most types of armour.
You are amphibious.
You can wear up to eight rings at the same time.
Your skin changes colour to match your surroundings (Stealth+).
Your rubbery body absorbs attacks. (AC +1, EV +1)
((You are camouflaged when in or above water. (Stealth+)))
You have tentacles for arms and can constrict up to eight enemies at once.


Message History

Found a stone staircase leading up.
You now have 167 gold pieces (gained 10).
An adder skeleton comes into view.
There is an entrance to Mafoful's Distillery here.
Casting: Scorch (safe; 4% risk of failure)
Confirm with . or Enter, or press ? or * to list all spells.
Flames lash the adder skeleton.
The adder skeleton is moderately damaged.
The adder skeleton's fire resistance burns away.
An ogre comes into view. It is wielding a +0 giant club.
Casting: Scorch (safe; 4% risk of failure)
Confirm with . or Enter, or press ? or * to list all spells.
Flames lash the adder skeleton.
The adder skeleton is burned terribly!
You destroy the adder skeleton!
Vehumet accepts your kill.
Casting: Scorch (safe; 4% risk of failure)
Confirm with . or Enter, or press ? or * to list all spells.
Flames lash the ogre.
The ogre is lightly wounded.
The ogre's fire resistance burns away.
Casting: Scorch (safe; 4% risk of failure)
Confirm with . or Enter, or press ? or * to list all spells.
Flames lash the ogre.
The ogre is burned terribly!
The ogre is heavily wounded.
Casting: Scorch (safe; 4% risk of failure)
Confirm with . or Enter, or press ? or * to list all spells.
Flames lash the ogre.
The ogre is burned terribly!
The ogre is almost dead.
The ogre misses you.
You hit the ogre. Your squeeze misses the ogre.
The ogre is almost dead.
The ogre hits you with a +0 giant club!!
Ouch! That really hurt!
You hit the ogre. Your squeeze misses the ogre.
The ogre is almost dead.
The ogre closely misses you.
You hit the ogre but do no damage.
The ogre is almost dead.
The ogre hits you with a +0 giant club!
You die...

......#...
######........
#... #......# #...
+.....# #...
#.....#
#.###.....#
#.........#
#O∩.#.....##
#@.........#######
#.#...............
#<.......#...##...
#........#........
#........#...###'#
#........#..## #⌠.
#........#.##Z##..
+..(.....#.8..$#._
#...ZY#..


You could see an ogre (combustible).

Vanquished Creatures
  A necrophage (D:4)
  A bullfrog (D:4)
  A wyvern skeleton (D:5)
  An orc priest (D:2)
  2 hound skeletons (D:4)
  A gnoll (D:1)
  6 adders
  An adder skeleton (D:5)
  A dart slug (D:1)
  3 orcs (D:2)
  6 endoplasms
  4 giant cockroaches
  4 goblins
  9 hobgoblins
  3 jackals (D:1)
  2 quokkas
  3 ball pythons
  A bat (D:3)
  A frilled lizard (D:1)
  7 kobolds
  3 rats
  A spectral hobgoblin (D:1)
62 creatures vanquished.

Vanquished Creatures (others)
  98 foxfires
98 creatures vanquished.

Grand Total: 160 creatures vanquished

Notes
Turn   | Place    | Note
-------+----------+-------------------------------------------
     0 | D:1      | croobank the Octopode Fire Elementalist began the quest for
                  | the Orb.
     0 | D:1      | Reached XP level 1. HP: 11/11 MP: 3/3
   120 | D:1      | Reached XP level 2. HP: 13/17 MP: 1/5
   133 | D:1      | Learned a level 2 spell: Scorch
   420 | D:1      | Reached XP level 3. HP: 18/21 MP: 1/6
   877 | D:1      | Found a faded altar of an unknown god.
  1532 | D:2      | Reached XP level 4. HP: 8/27 MP: 0/7
  1791 | D:2      | Found a hide-covered altar of Uskayaw.
  1839 | D:2      | Found Fuozxij's Antique Weapon Boutique.
  1944 | D:2      | Bought a runed hunting sling for 148 gold pieces
  2734 | D:3      | Reached XP level 5. HP: 31/31 MP: 3/9
  3085 | D:4      | Noticed a necrophage
  3112 | D:4      | Found a staircase to the Ecumenical Temple.
  3116 | D:4      | Killed a necrophage
  3117 | D:4      | Reached XP level 6. HP: 32/36 MP: 6/10
  3140 | Temple   | Entered the Ecumenical Temple
  3270 | Temple   | Became a worshipper of Vehumet
  3919 | D:4      | Found Liunoeb's Weapon Emporium.
  4368 | D:5      | Entered Level 5 of the Dungeon
  4442 | D:5      | Found an iron altar of Okawaru.
  4447 | D:5      | Found a hazy altar of Hepliaklqana.
  4463 | D:5      | Found a blossoming altar of Fedhas.
  4463 | D:5      | Found an ornate altar of the Wu Jian Council.
  4469 | D:5      | Noticed a sky beast
  4482 | D:5      | Found Mafoful's Distillery.
  4500 | D:5      | Slain by an ogre

Illustrated notes

Levels and vault maps discovered:
D:1:      ebering_hopf_link, layout_basic,
          dreamdust_ecumenical_altar_drowned_temple,
          minmay_misc_feat_secret_circle, chequers_serial_rivers_micro_d
D:2:      layout_basic, basic_altar, serial_shops, shop_coins
D:3:      layout_loops_ring, nicolae_underground_beach
D:4:      wander_river, layout_basic, minmay_temple_entry_glassed_door,
          serial_shops, nicolae_inconvenience_store
D:5:      minmay_goblin_kobold_castle, layout_gridville,
          nicolae_overflow_hidden_temple, mainiacjoe_overflow_big_doors,
          jmf_multi_god_temple, serial_shops, nicolae_shop_stone,
          grunt_ministairs_15, st_stairs_1, minmay_fire_ice_demons
Temple:   regret_index_temple_generic_petals

Skill      XL: |  1  2  3  4  5  6 |
---------------+-------------------+-----
Stealth        | 3 4 |  4.9
Conjurations   | 2 3 |  3.0
Dodging        | 3 |  3.6
Spellcasting   | 3 |  3.2
Fire Magic     | 4 |  4.2

Action                   |  1- 3 |  4- 6 || total
-------------------------+-------+-------++-------
Melee: Unarmed           |    26 |       ||    26
       Tentacles         |     6 |     3 ||     9
       Constrict         |     7 |     4 ||    11
       Hand axe          |       |    21 ||    21
 Cast: Foxfire           |    34 |    27 ||    61
       Scorch            |     9 |    26 ||    35
  Use: Scroll            |       |     5 ||     5
 Stab: Sleeping          |       |     1 ||     1
Armor: Skin              |     5 |     2 ||     7
Dodge: Dodged            |    17 |    25 ||    42
